 Dungeon Crawl Stone Soup version 0.31-a0-986-g5e6e4ef867 (webtiles) character file.

Game seed: 13820339788683752867

1723 Demosthentine the Ducker (level 8, -4/57 HPs)
             Began as a Demonspawn Gladiator on Nov 8, 2023.
             Was a Follower of Hepliaklqana.
             Slain by a killer bee (5 damage)
             ... on level 7 of the Dungeon.
             The game lasted 00:07:00 (6532 turns).

Demosthentine the Ducker (Demonspawn Gladiator)     Turns: 6532, Time: 00:07:00

Health: -4/57      AC:  4    Str: 16    XL:     8   Next: 75%
Magic:  8/8        EV: 16    Int: 10    God:    Hepliaklqana [*.....]
Gold:   366        SH:  0    Dex: 15    Spells: 7/7 levels left

rFire   . . .        a - +1 trident (venom)
rCold   x . .        (no shield)
rNeg    . . .        v - +0 leather armour of Centul {Will+}
rPois   .            (helmet restricted)
rElec   .            u - +0 cloak
rCorr   +            (no gloves)
SInv    .            (no boots)
Will    +....        (no amulet)
Stlth   +            j - ring of resist corrosion
HPRegen 0.29/turn    (no ring)
MPRegen 0.11/turn

%: no passive effects
@: lethally poisoned (-4 -> -14), studying Dodging
A: reduced essence, horns 1, repulsion field 1, demonic guardian 3, demonic
magic 1, cold vulnerability 1, devolution 1
a: Renounce Religion, Recall Ancestor, Ancestor Identity


You were on level 7 of the Dungeon.
You worshipped Hepliaklqana.
Hepliaklqana was aware of your devotion.
You visited 2 branches of the dungeon, and saw 8 of its levels.

You collected 913 gold pieces.
You spent 547 gold pieces at shops.

Inventory:

Hand Weapons
 a - a +1 trident of venom (weapon)
 q - the +5 hand cannon "Zoitiuggept" {penet, rElec rN+}
   (You bought it in a shop on level 1 of the Dungeon)

   rElec:     It insulates you from electricity.
   rN+:       It protects you from negative energy.
Missiles
 d - 4 throwing nets (quivered)
 e - a javelin
Armour
 u - a +0 cloak (worn)
 v - the +0 leather armour of Centul (worn) {Will+}
   (You found it on level 3 of the Dungeon)

   Will+:     It increases your willpower.
Jewellery
 j - a ring of resist corrosion (left hand)
Scrolls
 f - 3 scrolls of teleportation
 g - a scroll of brand weapon
 i - 2 scrolls of enchant armour
 n - a scroll of enchant weapon
 o - 2 scrolls of blinking
 s - a scroll of immolation
Potions
 h - a potion of brilliance
 k - 2 potions of lignification
 l - 3 potions of attraction
 p - a potion of resistance
 r - a potion of enlightenment


   Skills:
 + Level 5.9 Fighting
 + Level 5.7 Polearms
 - Level 1.7 Throwing
 + Level 4.9 Armour
 + Level 6.0 Dodging


You had 7 spell levels left.
You didn't know any spells.
Your spell library contained the following spells:

 Spells                   Type           Power      Damage    Failure   Level
 Blink                    Tloc           0%         N/A       56%         2
 Lesser Beckoning         Tloc           0%         N/A       56%         2
 Momentum Strike          Conj/Tloc      0%         3d8       56%         2
 Scorch                   Fire           0%         2d5       56%         2
 Dazzling Flash           Conj/Hex       0%         N/A       80%         3
 Hailstorm                Conj/Ice       0%         3d3       80%         3
 Flame Wave               Conj/Fire      0%         2d4       99%         4
 Summon Ice Beast         Ice/Summ       0%         N/A       99%         4
 Agony                    Necr           0%         N/A       100%        5
 Silence                  Hex/Air        0%         N/A       100%        5
 Summon Forest            Summ/Tloc      0%         N/A       100%        5
 Summon Mana Viper        Hex/Summ       0%         N/A       100%        5
 Simulacrum               Ice/Necr       0%         N/A       100%        6
 Summon Cactus Giant      Summ           0%         N/A       100%        6
 Haunt                    Necr/Summ      0%         N/A       100%        7
 Borgnjor's Revivificati  Necr           0%         N/A       100%        8
 Death's Door             Necr           0%         N/A       100%        9


Dungeon Overview and Level Annotations

Branches:
Dungeon (7/15)             Temple (1/1) D:5

Altars:
Ashenzari
Cheibriados
Dithmenos
Gozag
Hepliaklqana
Kikubaaqudgha
Makhleb
Nemelex Xobeh
Okawaru
Qazlal
Ru
Trog
Uskayaw
Wu Jian
Xom
Yredelemnul

Shops:
D:1 ::((?   D:2 =   D:6 (

Annotations:
D:6 3 runed translucent doors, LeprechaunX's ghost, novice OpSh; Midn8's ghost, novice VSAE; dialectric's ghost, amateur OpDe


Innate Abilities, Weirdness & Mutations

Your life essence is reduced to manifest your ancestor. (-10% HP)
You have a pair of small horns on your head.
You are surrounded by a mild repulsion field. (EV +2)
A powerful demonic guardian rushes to your aid.
Spells you cast may paralyse adjacent enemies.
You are vulnerable to cold. (rC-)
You have hidden genetic defects.


Message History

You are too injured to fight recklessly!
Unknown command.
You are too injured to fight recklessly!
Unknown command.
You are too injured to fight recklessly!
You hit the killer bee. Your headbutt misses the killer bee.
The killer bee is moderately wounded.
You feel very sick. The killer bee stings you.
The killer bee stings you but does no damage.
You closely miss the killer bee.
You punch the killer bee, but do no damage.
The killer bee is moderately wounded.
You feel very sick.
Your sixfirhy disappears in a puff of smoke!
The killer bee closely misses you. The killer bee completely misses you.
You closely miss the killer bee. Your headbutt misses the killer bee.
The killer bee is moderately wounded.
You feel sick. The killer bee barely misses you.
The killer bee completely misses you.
You closely miss the killer bee. Your headbutt misses the killer bee.
The killer bee is moderately wounded.
You feel sick.
The killer bee stings you but does no damage.
The killer bee closely misses you.
You hit the killer bee.
The killer bee is poisoned.
Your headbutt misses the killer bee.
The killer bee is moderately wounded.
You feel sick. The killer bee stings you.
* * * LOW HITPOINT WARNING * * *
A demonic guardian appears!
You are lethally poisoned!
The killer bee poisons you! The killer bee barely misses you.
Okay, then.
Unknown command.
* * * LOW HITPOINT WARNING * * *
You feel very sick.
The killer bee attacks as it pursues you!
The killer bee stings you.
You die...

#...........
############.#.#######.
#<.............#
############...# #...#
#...#####.#.
#...........
#3.######.#.
#@R........ ##y######.#
#†# .5. ....# ......
....!.## #......#
#......#


You could see the friendly Arif the ancestor, a killer bee (very poisoned, ally
target), a white imp and a friendly soul eater (summoned).

Vanquished Creatures
  Grinder (D:5)
  Sigmund (D:5)
  A water moccasin (D:5)
  An orc warrior (D:4)
  An ogre (D:5)
  A centaur (D:6)
  A phantom (D:5)
  3 scorpions
  3 killer bees (D:7)
  2 howler monkeys
  An orc priest (D:6)
  A jelly (D:6)
  A sleepcap (D:5)
  2 iguanas
  An orc wizard (D:6)
  3 gnolls (D:4)
  6 adders
  2 worms (D:3)
  4 dart slugs
  14 orcs
  11 bats
  6 endoplasms
  3 giant cockroaches
  5 hobgoblins
  10 jackals
  5 quokkas
  6 ball pythons
  3 frilled lizards
  5 goblins
  5 kobolds
  5 rats
  A spectral orc (D:6)
115 creatures vanquished.

Vanquished Creatures (collateral kills)
  A sky beast (D:6)
  A centaur (D:6)
  A hound (D:4)
  3 orcs (D:4)
6 creatures vanquished.

Grand Total: 121 creatures vanquished

Notes
Turn   | Place    | Note
-------+----------+-------------------------------------------
     0 | D:1      | Demosthentine the Demonspawn Gladiator began the quest for
                  | the Orb.
     0 | D:1      | Reached XP level 1. HP: 16/16 MP: 1/1
    78 | D:1      | Gained mutation: You are surrounded by a mild repulsion
                  | field. (EV +2) [demonic ancestry]
    78 | D:1      | Reached XP level 2. HP: 22/22 MP: 2/2
   250 | D:1      | Found Ruiror's Antique Weapon Shop.
   376 | D:1      | Found Womemeej's Weapon Boutique.
   382 | D:1      | Reached skill level 3 in Dodging
   470 | D:1      | Found a faded altar of an unknown god.
   530 | D:1      | Reached skill level 1 in Armour
   594 | D:1      | Found Izxengif's Magic Scroll Shoppe.
   597 | D:1      | Bought a scroll of identify for 28 gold pieces
   682 | D:1      | Found Vixt's Book Boutique.
   703 | D:1      | Found Paiwuv's Book Emporium.
   718 | D:1      | Gained mutation: A weak demonic guardian rushes to your
                  | aid. [demonic ancestry]
   718 | D:1      | Reached XP level 3. HP: 17/28 MP: 3/3
  1227 | D:2      | Found Yfiam's Jewellery Emporium.
  1676 | D:2      | Identified a scroll of acquirement
  1676 | D:2      | Acquired 586 gold pieces
  1762 | D:1      | Bought a scroll of enchant armour for 105 gold pieces
  1762 | D:1      | Bought a scroll of enchant weapon for 105 gold pieces
  1762 | D:1      | Bought a scroll of blinking for 105 gold pieces
  1814 | D:1      | Bought a crude hand cannon for 204 gold pieces
  1814 | D:1      | Identified the +5 hand cannon "Zoitiuggept" {penet, rElec
                  | rN+} (You bought it in a shop on level 1 of the Dungeon)
  1934 | D:3      | Gained mutation: A demonic guardian rushes to your aid.
                  | [demonic ancestry]
  1934 | D:3      | Reached XP level 4. HP: 31/34 MP: 4/4
  2275 | D:3      | Identified the +0 leather armour of Centul {Will+}
  2492 | D:4      | Noticed an orc warrior
  2506 | D:4      | Killed an orc warrior
  2507 | D:4      | Gained mutation: A powerful demonic guardian rushes to your
                  | aid. [demonic ancestry]
  2507 | D:4      | Reached XP level 5. HP: 9/41 MP: 5/5
  2683 | D:4      | HP: 2/41 [orc/+0 morningstar (4)]
  3118 | D:4      | Reached XP level 6. HP: 39/47 MP: 6/6
  3687 | D:4      | Found an opulent altar of Gozag.
  3976 | D:4      | Found a hide-covered altar of Uskayaw.
  4143 | D:5      | Entered Level 5 of the Dungeon
  4182 | D:5      | Reached skill level 4 in Dodging
  4322 | D:5      | Noticed Sigmund
  4341 | D:5      | Killed Sigmund
  4342 | D:5      | Gained mutation: You have a pair of small horns on your
                  | head. [demonic ancestry]
  4342 | D:5      | Reached XP level 7. HP: 18/54 MP: 7/7
  4787 | D:5      | Found a staircase to the Ecumenical Temple.
  4954 | D:5      | Noticed Grinder
  4956 | D:5      | Found a bloodstained altar of Trog.
  4969 | D:5      | Killed Grinder
  4970 | D:5      | Reached skill level 5 in Fighting
  4970 | D:5      | Reached skill level 5 in Polearms
  4970 | D:5      | Reached skill level 5 in Dodging
  4970 | D:5      | Gained mutation: Spells you cast may paralyse adjacent
                  | enemies. [demonic ancestry]
  4970 | D:5      | Reached XP level 8. HP: 54/62 MP: 8/8
  5233 | Temple   | Entered the Ecumenical Temple
  5241 | Temple   | Became a worshipper of Hepliaklqana the Forgotten
  5499 | D:6      | Gained mutation: Armour fits poorly on your strangely
                  | shaped body. [potion of mutation]
  5499 | D:6      | Gained mutation: You have very sharp teeth. [potion of
                  | mutation]
  6064 | D:6      | Found a runed translucent gate.
  6064 | D:6      | Found a runed translucent gate.
  6066 | D:6      | Found a runed translucent gate.
  6067 | D:6      | Noticed dialectric's ghost (amateur OpDe)
  6067 | D:6      | Noticed Midn8's ghost (novice VSAE)
  6067 | D:6      | Noticed LeprechaunX's ghost (novice OpSh)
  6108 | D:6      | Found Wuduk's Weapon Emporium.
  6393 | D:6      | Found a basalt altar of Yredelemnul.
  6462 | D:6      | Lost mutation: You have very sharp teeth. [potion of
                  | mutation]
  6462 | D:6      | Lost mutation: Armour fits poorly on your strangely shaped
                  | body. [potion of mutation]
  6462 | D:6      | Gained mutation: You are vulnerable to cold. (rC-) [potion
                  | of mutation]
  6462 | D:6      | Gained mutation: You have hidden genetic defects. [potion
                  | of mutation]
  6494 | D:7      | Reached * piety under Hepliaklqana
  6526 | D:7      | Reached skill level 6 in Dodging
  6532 | D:7      | HP: 1/57 [poisoned by a killer bee]
  6532 | D:7      | Slain by a killer bee

Illustrated notes

Levels and vault maps discovered:
D:1:      lordsloth_arrival_two_stooges, layout_basic, basic_ecumenical_altar,
          serial_shops, nicolae_shop_real_fake_doors,
          nicolae_shop_tiny_real_fake_doors, nicolae_book_shop_shelving, shop,
          nicolae_shop_rolled_up, minmay_misc_feat_plants,
          grunt_decor_one_mirror, minivault_24
D:2:      layout_loops_cross, serial_shops, shop, kennysheep_flooded_box,
          dk_vineyard_3
D:3:      layout_loops_ring
D:4:      layout_layer_cave, nicolae_uskayaw_suspiria, grunt_gozag_statues,
          grunt_decor_fettered, hangedman_decor_diamond_cutter
D:5:      layout_cave_pools, trog_three_pillars_becter, elyvilon_altar_3,
          minmay_temple_entry_large_hall, serial_co_window_serial,
          co_window_paths_a, co_window_corner_a, co_window_paths_a,
          co_window_corner_a, co_window_corner_a, co_window_paths_a,
          co_window_paths_a, co_window_2corner, co_window_corner_b,
          co_window_unsneaky_path_e, co_window_corner_b, co_window_corner_b,
          co_window_paths_d, glass_columns_a, glass_columns_a, glass_columns_a,
          uniq_sigmund, uniq_grinder
D:6:      layout_loops_ring, yredelemnul_forgotten_temple_becter,
          gammafunk_ghost_cemetery, serial_shops, nicolae_shop_hallway_stairs,
          minmay_manual_mares
D:7:      layout_basic, overflow_temple_1_default, st_stairs_7
Temple:   nicolae_temple_bog_church

Skill      XL: |  1  2  3  4  5  6  7  8 |
---------------+-------------------------+-----
Dodging        | 3 4 5 6 |  6.0
Polearms       | 3 4 5 |  5.7
Armour         | 1 2 3 4 |  4.9
Fighting       | 3 4 5 |  5.9
Throwing       | |  1.7

Action                     |  1- 3 |  4- 6 |  7- 9 || total
---------------------------+-------+-------+-------++-------
  Melee: Trident           |   137 |   119 |   123 ||   379
         Headbutt          |       |       |    24 ||    24
         Punch             |       |       |     1 ||     1
         Bite              |       |       |     1 ||     1
    Use: Scroll            |    11 |     4 |     1 ||    16
         Potion            |       |     1 |     4 ||     5
   Stab: Sleeping          |     2 |     1 |     1 ||     4
 Armour: Leather armour    |    51 |    48 |    46 ||   145
         Skin              |       |       |    13 ||    13
  Dodge: Dodged            |    94 |    79 |    78 ||   251

Table legend: (Time is in decaauts)
 A = Elapsed time spent in this place.
 B = Non-inter-level travel time spent in this place.
 C = Inter-level travel time spent in this place.
 D = Time resting spent in this place.
 E = Time spent auto-exploring this place.
 F = Levels seen in this place.
 G = Mean time per level.
                   A        B        C        D        E       F      G
               +--------+--------+--------+--------+--------+-----+--------+
         Total |   6556 |   6270 |    286 |    348 |   5072 |   8 |  819.5 |
       Dungeon |   6539 |   6254 |    285 |    348 |   5072 |   7 |  934.1 |
        Temple |     16 |     16 |      0 |      0 |      0 |   1 |   16.0 |
               +--------+--------+--------+--------+--------+-----+--------+

Top non-repeatable levels by time:
     D:4: 1548 daAuts
     D:6: 1216 daAuts
     D:5: 1116 daAuts
     D:1: 981 daAuts
     D:2: 893 daAuts
     D:3: 734 daAuts
     D:7: 48 daAuts
  Temple: 16 daAuts
